 Dungeon Crawl Stone Soup version 0.25.0-9-g26727b657a (webtiles) character file.

Game seed: 11634181794007529255

95 Breghan the Skirmisher (level 4, -2/37 HPs)
             Began as a Demonspawn Chaos Knight on June 18, 2020.
             Was a Plaything of Xom.
             Slain by a white imp (4 damage)
             ... summoned by Xom
             ... on level 2 of the Dungeon.
             The game lasted 00:18:09 (2181 turns).

Breghan the Skirmisher (Demonspawn Chaos Knight)    Turns: 2181, Time: 00:18:09

Health: -2/37      AC:  7    Str: 12    XL:     4   Next: 40%
Magic:  4/4        EV: 11    Int: 14    God:    Xom [.*....]
Gold:   116        SH:  0    Dex: 13    Spells: 3/3 levels left

rFire    . . .     SeeInvis +   a - +0 falchion (chaos)
rCold    . . .     Gourm    .   (no shield)
rNeg     . . .     Faith    .   u - +2 leather armour
rPois    .         Spirit   .   (helmet restricted)
rElec    .         Reflect  .   (no cloak)
rCorr    .         Harm     .   (no gloves)
MR       .....                  (no boots)
Stlth    ++........             (no amulet)
HPRegen  0.12/turn              f - ring of stealth
MPRegen  0.09/turn              t - ring of see invisible

@: mighty, very slightly contaminated, invisible
A: horns 1, slimy green scales 1
a: Renounce Religion


You were on level 2 of the Dungeon.
You worshipped Xom.
You were a plaything of Xom.
You were very hungry.

You visited 1 branch of the dungeon, and saw 2 of its levels.

You collected 116 gold pieces.

Inventory:

Hand Weapons
 a - a +0 falchion of chaos (weapon)
 b - a +0 hunting sling
 h - a +0 mace
Missiles
 d - 30 stones
 g - 30 arrows
 l - 7 poisoned darts (quivered)
 m - 34 bolts
 n - 4 atropa-tipped darts
Armour
 u - a +2 leather armour (worn)
Jewellery
 f - a ring of stealth (left hand)
 k - an uncursed ring of flight
 o - an uncursed ring of wizardry
 t - a ring of see invisible (right hand)
Scrolls
 j - a scroll of remove curse
 v - a scroll of teleportation {unknown}
 w - a scroll of immolation {unknown}
 x - a scroll of identify {unknown}
Potions
 p - a potion of curing {unknown}
 q - a potion of lignification {unknown}
 r - a potion of stabbing {unknown}
 s - a potion of mutation {unknown}
Comestibles
 c - 6 rations


   Skills:
 + Level 3.9 Fighting
 + Level 3.4 Long Blades
 + Level 0.5 Throwing
 + Level 2.0 Armour
 + Level 1.3 Dodging
 + Level 1.1 Stealth


You had 3 spell levels left.
You didn't know any spells.
Your spell library was empty.

Dungeon Overview and Level Annotations

Branches:
Dungeon (2/15)

Altars:


Innate Abilities, Weirdness & Mutations

You have a pair of small horns on your head.
You are partially covered in slimy green scales. (AC +2)


Message History

The white imp gestures at you. The puff of frost hits you.
* * * LOW HITPOINT WARNING * * *
The white imp hits you.
* * * LOW HITPOINT WARNING * * *
The white imp freezes you.
* * * LOW HITPOINT WARNING * * *
You closely miss the white imp.
The white imp hits you but does no damage.
It was a potion of invisibility.
You fade into invisibility!
The white imp shouts, "Bolt, thou horrid onion-eyed pignut!"
The white imp closely misses you.
You are very lightly contaminated with residual magic.
You hit the white imp. You burn the white imp.
The white imp is almost dead.
The white imp hits you.
* * * LOW HITPOINT WARNING * * *
The white imp freezes you.
You die...

##### #########...#
##...........#
##..#######.†.#
##..## ###.#
###########..## #.#
#######.........@5##
#.##
........###########
#..# #########
####### ##.#
##.....## #.#
##.......## #.>
##.........# ### #
##..........# # ##
###...........# .##
#.............# ###


You could see a white imp (summoned).

Vanquished Creatures
  4 adders (D:2)
  An ooze (D:1)
  2 dart slugs (D:2)
  3 leopard geckos
  4 giant cockroaches (D:2)
  3 goblins
  6 hobgoblins
  2 jackals (D:1)
  5 bats
  3 frilled lizards
  9 kobolds
  4 rats (D:1)
46 creatures vanquished.

Notes
Turn   | Place    | Note
-------+----------+-------------------------------------------
     0 | D:1      | Breghan the Demonspawn Chaos Knight began the quest for the
                  | Orb.
     0 | D:1      | Reached XP level 1. HP: 18/18 MP: 1/1
   273 | D:1      | XOM: divination: detect creatures
   362 | D:1      | XOM: silly message
   364 | D:1      | Gained mutation: You are partially covered in slimy green
                  | scales. (AC +2) [demonic ancestry]
   364 | D:1      | Reached XP level 2. HP: 22/24 MP: 2/2
   510 | D:1      | Reached skill level 1 in Dodging
   642 | D:1      | XOM: noise
   755 | D:1      | XOM: silly message
   849 | D:1      | XOM: stat loss: -1 Str (11/12)
   947 | D:1      | XOM: 2-stop teleportation journey
   956 | D:1      | Gained mutation: You have a pair of small horns on your
                  | head. [demonic ancestry]
   956 | D:1      | Reached XP level 3. HP: 24/30 MP: 3/3
  1386 | D:2      | XOM: 1-stop teleportation journey
  1737 | D:2      | Reached XP level 4. HP: 37/37 MP: 4/4
  1784 | D:2      | Reached skill level 1 in Stealth
  2167 | D:2      | XOM: summons 3 hostile demons
  2181 | D:2      | Slain by a white imp

Illustrated notes

Levels and vault maps discovered:
D:1:      dpeg_arrival_radiant, layout_basic, hangedman_decor_diamond_cutter
D:2:      layout_rooms

Skill      XL: |  1  2  3  4 |
---------------+-------------+-----
Dodging        | 1 |  1.3
Long Blades    | 3 |  3.4
Stealth        | 1 |  1.1
Armour         | 2 |  2.0
Fighting       | |  3.9
Throwing       | |  0.5

Action                   |  1- 3 |  4- 6 || total
-------------------------+-------+-------++-------
Melee: Falchion          |    76 |    30 ||   106
       Headbutt          |     6 |    10 ||    16
Throw: Stone             |    15 |       ||    15
       Dart              |     9 |    25 ||    34
  Use: Potion            |     1 |     2 ||     3
       Scroll            |       |     1 ||     1
 Stab: Sleeping          |    10 |     1 ||    11
  Eat: Chunk             |     2 |     1 ||     3
Armor: Leather armour    |    25 |    16 ||    41
Dodge: Dodged            |    52 |    28 ||    80
       Rpst.: Falchion   |    18 |     7 ||    25
